 Dungeon Crawl Stone Soup version 0.25.1-2-g60ff931df9 (webtiles) character file.

Game seed: 18262527246164807205

735 Martska the Skirmisher (level 7, -2/76 HPs)
             Began as an Ogre Hunter on Oct 24, 2020.
             Slain by Prince Ribbit (9 damage)
             ... on level 5 of the Dungeon.
             The game lasted 00:07:56 (4285 turns).

Martska the Skirmisher (Ogre Hunter)                Turns: 4285, Time: 00:07:57

Health: -2/76      AC:  4    Str: 19    XL:     7   Next: 74%
Magic:  7/7        EV: 10    Int: 12    God:
Gold:   299        SH:  0    Dex:  9    Spells: 6/6 levels left

rFire    . . .     SeeInvis .   v - +0 flail (vorpal)
rCold    . . .     Gourm    .   (no shield)
rNeg     . . .     Faith    .   b - +1 robe
rPois    .         Spirit   .   (helmet restricted)
rElec    .         Reflect  .   (no cloak)
rCorr    .         Harm     .   (gloves unavailable)
MR       .....                  (boots unavailable)
Stlth    +.........             e - amulet of regeneration
HPRegen  0.62/turn              (no ring)
MPRegen  0.10/turn              (no ring)

@: no status effects
A: large, unfitting armour, tough skin 1
a: no special abilities


You were on level 5 of the Dungeon.
You were not hungry.

You visited 1 branch of the dungeon, and saw 6 of its levels.
You also visited: Ossuary.

You collected 299 gold pieces.

Inventory:

Hand Weapons
 a - a +0 short sword
 g - a +2 hand axe of flaming
 j - a +0 whip
 v - a +0 vorpal flail (weapon)
Missiles
 c - 5 large rocks (quivered)
 d - 2 throwing nets
Armour
 b - a +1 robe (worn)
Jewellery
 e - an amulet of regeneration (around neck)
Wands
 s - a wand of iceblast (8)
Scrolls
 m - 3 scrolls of identify
 q - 4 scrolls of remove curse
 x - 2 scrolls of magic mapping
Potions
 i - 2 potions of flight
 l - a potion of degeneration {unknown}
 n - a potion of invisibility {unknown}
 o - 3 potions of brilliance
 p - 2 potions of haste {unknown}
 u - a potion of ambrosia {unknown}
 z - a potion of heal wounds {unknown}
 A - 2 potions of mutation
 B - a potion of might {unknown}
 C - 2 potions of lignification {unknown}
 D - a potion of resistance {unknown}
Comestibles
 f - 5 rations


   Skills:
 * Level 6.8 Fighting
 * Level 3.9 Maces & Flails
 * Level 6.2 Throwing
 - Level 2.0 Dodging
 - Level 0.6 Stealth


You had 6 spell levels left.
You didn't know any spells.
Your spell library was empty.

Dungeon Overview and Level Annotations

Branches:
Dungeon (6/15)            Ossuary (visited)
 Temple: D:4-7

Altars:
Sif Muna
Vehumet
Xom
Zin
The Shining One

Annotations:
D:5 Grinder, Prince Ribbit


Innate Abilities, Weirdness & Mutations

You are too large for most types of armour.
You have tough skin. (AC +1)


Message History

Prince Ribbit blinks!
Prince Ribbit closely misses you.
You miss Prince Ribbit.
Prince Ribbit is moderately wounded.
Prince Ribbit hits you but does no damage.
You hit Prince Ribbit.
Prince Ribbit is heavily wounded.
Prince Ribbit hits you.
* * * LOW HITPOINT WARNING * * *
Prince Ribbit closely misses you.
You closely miss Prince Ribbit.
Prince Ribbit is heavily wounded.
Prince Ribbit hits you!
* * * LOW HITPOINT WARNING * * *
Prince Ribbit hits you but does no damage.
You feel better. Prince Ribbit hits you!
* * * LOW HITPOINT WARNING * * *
You feel better. Prince Ribbit hits you.
* * * LOW HITPOINT WARNING * * *
Prince Ribbit hits you!
You die...

*......+.........#
########....##.........#
.........#####.........#
.........>.............#
.............######...##
........[....#....#...##
...._........###..#....#
...............F..#....#
.............###@.#....#
.............#....#....#
..........[[.######....#
......##...............#
......##....##....'....#
......##..........#....#
..............5...#....#
..................#....#
...###########...Z#....#


You could see Prince Ribbit.

Vanquished Creatures
  Edmund (D:4)
  Duvessa (D:5)
  Dowan (D:5)
  A scorpion (D:5)
  A crimson imp (D:5)
  A human zombie (Ossuary)
  3 worker ants
  A big kobold zombie (Ossuary)
  A hound zombie (D:3)
  2 mummies (Ossuary)
  A worker ant zombie (D:5)
  8 adders
  2 adder zombies (Ossuary)
  2 oozes
  2 adder skeletons (D:4)
  A worm (D:2)
  2 dart slugs
  2 leopard geckos
  6 orcs
  4 bats
  5 giant cockroaches
  11 goblins
  11 hobgoblins
  8 jackals (D:1)
  6 frilled lizards
  2 goblin zombies (Ossuary)
  11 hobgoblin zombies (Ossuary)
  2 jackal zombies (Ossuary)
  8 kobolds
  7 kobold zombies (Ossuary)
  9 orc zombies (Ossuary)
  A quokka zombie (D:5)
  6 rats
  3 rat zombies
133 creatures vanquished.

Vanquished Creatures (others)
  5 dream sheep (D:5)
5 creatures vanquished.

Grand Total: 138 creatures vanquished

Notes
Turn   | Place    | Note
-------+----------+-------------------------------------------
     0 | D:1      | Martska the Ogre Hunter began the quest for the Orb.
     0 | D:1      | Reached XP level 1. HP: 22/22 MP: 1/1
   305 | D:1      | Reached XP level 2. HP: 26/31 MP: 2/2
   684 | D:1      | Reached XP level 3. HP: 37/37 MP: 3/3
   867 | D:1      | Reached skill level 1 in Maces & Flails
   925 | D:2      | Reached XP level 4. HP: 48/48 MP: 4/4
  1479 | D:2      | Found a shimmering blue altar of Sif Muna.
  1702 | D:3      | Reached XP level 5. HP: 39/55 MP: 5/5
  2117 | D:3      | Found a radiant altar of Vehumet.
  2350 | D:4      | Noticed Edmund
  2355 | D:4      | Killed Edmund
  2355 | D:4      | Reached skill level 5 in Fighting
  2355 | D:4      | Reached skill level 5 in Throwing
  2355 | D:4      | Reached XP level 6. HP: 22/66 MP: 6/6
  2979 | D:4      | Found a glowing silver altar of Zin.
  2979 | D:4      | Found a glowing golden altar of the Shining One.
  3163 | D:5      | Entered Level 5 of the Dungeon
  3221 | D:5      | Noticed a dream sheep
  3221 | D:5      | Noticed a dream sheep
  3221 | D:5      | Noticed a dream sheep
  3221 | D:5      | Noticed a dream sheep
  3221 | D:5      | Noticed a dream sheep
  3221 | D:5      | Found a shimmering altar of Xom.
  3227 | D:5      | Killed a dream sheep
  3227 | D:5      | Killed a dream sheep
  3227 | D:5      | Killed a dream sheep
  3228 | D:5      | Killed a dream sheep
  3229 | D:5      | Killed a dream sheep
  3239 | D:5      | Found a sand-covered staircase.
  3241 | D:5      | Noticed Duvessa
  3247 | D:5      | Noticed Dowan
  3250 | D:5      | Killed Duvessa
  3250 | D:5      | Reached XP level 7. HP: 47/75 MP: 7/7
  3258 | D:5      | Killed Dowan
  3351 | Ossuary  | Entered an ossuary
  3823 | D:5      | Noticed Prince Ribbit
  4134 | D:5      | Noticed Grinder
  4138 | D:5      | Paralysed by Grinder for 5 turns
  4284 | D:5      | HP: 2/76 [Prince Ribbit (8)]
  4285 | D:5      | Slain by Prince Ribbit

Illustrated notes

Levels and vault maps discovered:
D:1:      dpeg_arrival_short_road, layout_loops_ring
D:2:      layout_rooms, lemuel_blue_sif_altar
D:3:      cheibrodos_greedy_goblins, layout_basic, old_standard_altar
D:4:      layout_loops_ring, grunt_temple_overflow_open, uniq_edmund
D:5:      minmay_angry_zag, layout_gridville, kb_xom_exploding_sheep,
          enter_ossuary_4, first_ration, cheibrodos_sewer_entry_bend,
          kennysheep_generic_room_13, uniq_duvessa, uniq_grinder,
          uniq_prince_ribbit1
D:6:      lemuel_ice_spiral_2, layout_basic, serial_bayou_pond_c,
          nicolae_dithmenos_the_darkroom

Skill      XL: |  1  2  3  4  5  6  7 |
---------------+----------------------+-----
Fighting       | 3 4 5 6 |  6.8
Dodging        | 2 |  2.0
Maces & Flails | 1 2 3 |  3.9
Throwing       | 5 6 |  6.2
Stealth        | |  0.6

Action                   |  1- 3 |  4- 6 |  7- 9 || total
-------------------------+-------+-------+-------++-------
Melee: Short sword       |    20 |       |       ||    20
       Hand axe          |    54 |    95 |       ||   149
       Flail             |       |    78 |   150 ||   228
Throw: Large rock        |     1 |     4 |     1 ||     6
  Use: Scroll            |       |       |    10 ||    10
       Potion            |       |       |     2 ||     2
 Stab: Sleeping          |       |     2 |       ||     2
       Distracted        |       |       |     1 ||     1
  Eat: Chunk             |       |     8 |     1 ||     9
       Ration            |       |       |     1 ||     1
Armor: Robe              |    37 |    42 |    43 ||   122
Dodge: Dodged            |    66 |   107 |    63 ||   236
